 Dungeon Crawl Stone Soup version 0.20-a0-1122-gb7cbeb9 (webtiles) character file.

8162 Monsterracer the Geomancer (level 11, -4/63 HPs)
             Began as a Gargoyle Earth Elementalist on May 13, 2017.
             Was a Priest of Vehumet.
             Slain by a killer bee (7 damage)
             ... on level 9 of the Dungeon on May 14, 2017.
             The game lasted 00:48:09 (11451 turns).

Monsterracer the Geomancer (GrEE)                  Turns: 11451, Time: 00:48:10

Health: -4/63      AC: 18    Str: 13    XL:     11   Next: 26%
Magic:  0/21       EV: 13    Int: 18    God:    Vehumet [***...]
Gold:   621        SH:  5    Dex: 12    Spells: 6/24 levels left

rFire    + . .     SeeInvis .   m - +2 short sword (drain)
rCold    . . .     Gourm    .   y - +0 buckler
rNeg     + . .     Faith    .   c - +1 robe
rPois    ∞         Spirit   .   w - +2 helmet
rElec    +         Reflect  .   (no cloak)
rCorr    +         Harm     .   t - +0 pair of gloves
MR       .....                  (no boots)
Stlth    ++........             C - amulet of magic regeneration
Regen    0.2/turn               a - ring of resist corrosion
MPRegen  0.3/turn               b - ring of protection from fire

@: very slightly contaminated
A: slimy green scales 1, yellow scales 1, agile 1, negative energy resistance 1,
electricity resistance, wild magic 1, unbreathing, petrification resistance, rot
immunity, AC +7
a: Renounce Religion


You were on level 9 of the Dungeon.
You worshipped Vehumet.
Vehumet was most pleased with you.
You were not hungry.

You visited 1 branch of the dungeon, and saw 10 of its levels.
You also visited: Ossuary.

You collected 621 gold pieces.

Inventory:

Hand Weapons
 m - a +2 short sword of draining (weapon)
Armour
 c - a +1 robe (worn)
 t - a +0 pair of gloves (worn)
 w - a +2 helmet (worn)
 y - a +0 buckler (worn)
Jewellery
 a - a ring of resist corrosion (left hand)
 b - a ring of protection from fire (right hand)
 C - an amulet of magic regeneration (around neck)
Wands
 j - a wand of paralysis (14/24)
 k - a wand of paralysis (16/24)
 o - a wand of digging (4/24)
 q - a wand of disintegration (19/24)
Scrolls
 g - 4 scrolls of identify
 h - a scroll of recharging
 i - a scroll of blinking
 n - 3 scrolls of enchant weapon
 p - a scroll of enchant armour
 x - 3 scrolls of immolation
 B - a scroll of magic mapping
Potions
 e - 2 potions of invisibility
 f - 3 potions of haste
 l - 4 potions of curing
 r - a potion of heal wounds
 u - 5 potions of mutation
 v - a potion of flight
 A - a potion of agility
 D - a potion of ambrosia
Books
 s - a book of Flames

   Spells                             Type                      Level
   a - Flame Tongue                   Conjuration/Fire             1
   b - Throw Flame                    Conjuration/Fire             2
   c - Conjure Flame                  Conjuration/Fire             3
   d - Inner Flame                    Hexes/Fire                   3
   e - Sticky Flame                   Conjuration/Fire             4
   f - Fireball                       Conjuration/Fire             5
Comestibles
 d - 2 bread rations
 z - 3 chunks of flesh


   Skills:
 + Level 5.1 Fighting
 - Level 3.0 Dodging
 - Level 2.1 Stealth
 - Level 4.0 Shields
 + Level 7.1 Spellcasting
 * Level 8.9 Conjurations
 - Level 0.7 Transmutations
 + Level 5.4 Fire Magic
 + Level 11.8 Earth Magic


You had 6 spell levels left.
You knew the following spells:

 Your Spells              Type           Power        Failure   Level  Hunger
a - Magic Dart            Conj           ####         1%          1    None
b - Conjure Flame         Conj/Fire      #####...     1%          3    ##.....
c - Stone Arrow           Conj/Erth      ######       1%          3    ##.....
d - Sticky Flame          Conj/Fire      #####...     2%          4    ####...
e - Passwall              Tmut/Erth      #####.....   2%          2    None
f - Lee's Rapid Deconstr  Erth           ######....   1%          5    #####..


Dungeon Overview and Level Annotations

Branches:
Dungeon (10/15)            Temple (0/1) D:4            Lair (0/6) D:10
    Orc: D:9-12

Altars:
Dithmenos
Fedhas
Okawaru
Qazlal
Ru
Vehumet

Shops:
D:5 =   D:7 ?


Innate Abilities, Weirdness & Mutations

You are resistant to torment.
Your stone body is resilient. (AC +7)
You are immune to poison.
You resist negative energy. (rN+)
You are resistant to electric shocks. (rElec)
You can survive without breathing.
You are immune to petrification.
You are immune to rotting.
You are partially covered in slimy green scales. (AC +2)
You are partially covered in yellow scales. (AC +2)
You are agile. (Dex +2)
Your spells are a little harder to cast, but a little more powerful.


Message History

Nikopol's ghost hits you.
* * * LOW HITPOINT WARNING * * *
Casting: Magic Dart
Confirm with . or Enter, or press ? or * to list all spells.
Aiming: Magic Dart
Press: ? - help, Shift-Dir - straight line, f/p - nikopol's ghost
Aim: nikopol's ghost (flame, almost destroyed)
The magic dart hits nikopol's ghost.
You destroy nikopol's ghost!
Vehumet accepts your kill. You block the killer bee's attack.
The killer bee misses you.
Casting: Magic Dart
Confirm with . or Enter, or press ? or * to list all spells.
Aiming: Magic Dart
Press: ? - help, Shift-Dir - straight line, f - killer bee
Aim: a killer bee The magic dart hits the killer bee.
The killer bee stings you.
* * * LOW HITPOINT WARNING * * *
The killer bee stings you!
You die...

###.#.#.#.....).)#.#
#..............#)#.#
#.#..######.##.#.#.#
# #....##
..##.)#.#.##.#.#
#...##
...##..#)†........
#..#
....##..##.##.######
..# ...##..###.#.#.#
.# ####.......y# #.#
. ....####@#.# ##
.... #§##.# ... #.#
## #.# ..# ..# ..#
...#


You could see a killer bee.

Vanquished Creatures
  The ghost of nikopol the Fighter, a journeyman GrBe of Trog (D:9)
  3 death yaks (D:10)
  A troll (D:10)
  A hornet (D:7)
  A hippogriff (D:8)
  Grum (D:9)
  2 hungry ghosts
  A steam dragon (D:10)
  A water moccasin (D:10)
  4 sky beasts
  A phantom (D:9)
  An orc warrior (D:7)
  2 ice beasts
  7 ogres
  3 wolves (D:9)
  A centaur (D:9)
  2 big kobolds
  3 bullfrogs
  6 scorpions
  11 killer bees
  A wight (D:9)
  7 howler monkeys
  3 crimson imps
  A centaur zombie (D:8)
  3 hounds
  4 bullfrog skeletons
  A jelly (D:7)
  A quasit (D:7)
  4 orc priests
  4 iguanas
  5 orc wizards
  9 worker ants
  Natasha (thrice) (D:2)
  2 big kobold zombies (Ossuary)
  3 mummies (Ossuary)
  A howler monkey zombie (D:10)
  A worker ant zombie (D:6)
  15 adders
  A river rat (D:10)
  A shadow imp (D:7)
  An adder skeleton (D:7)
  5 worms
  3 leopard geckos
  24 orcs
  8 giant cockroaches
  8 goblins
  5 hobgoblins
  8 jackals
  15 kobolds
  7 quokkas
  5 bats
  2 frilled lizards
  A kobold zombie (Ossuary)
  An orc zombie (Ossuary)
  9 rats
225 creatures vanquished.

Vanquished Creatures (collateral kills)
  A bullfrog zombie (D:6)
  A worker ant zombie (D:6)
2 creatures vanquished.

Grand Total: 227 creatures vanquished

Notes
Turn   | Place    | Note
-------+----------+-------------------------------------------
     0 | D:1      | Monsterracer the Gargoyle Earth Elementalist began the quest for the Orb.
     0 | D:1      | Reached XP level 1. HP: 10/10 MP: 3/3
   207 | D:1      | Reached skill level 4 in Earth Magic
   275 | D:1      | Reached XP level 2. HP: 11/15 MP: 5/5
  1006 | D:2      | Reached XP level 3. HP: 14/19 MP: 0/6
  1011 | D:2      | Learned a level 3 spell: Stone Arrow
  1105 | D:2      | Found a sacrificial altar of Ru.
  1143 | D:2      | Reached skill level 5 in Earth Magic
  1143 | D:2      | Reached XP level 4. HP: 18/24 MP: 3/8
  1151 | D:2      | Learned a level 2 spell: Passwall
  1322 | D:2      | Noticed Natasha
  1329 | D:2      | Killed Natasha
  1539 | D:2      | Noticed Natasha
  1564 | D:2      | HP: 1/24 [Natasha/magic dart (9)]
  2075 | D:2      | Killed Natasha
  2075 | D:2      | Reached XP level 5. HP: 26/28 MP: 0/9
  2084 | D:2      | Reached skill level 6 in Earth Magic
  2165 | D:2      | Noticed Natasha
  2171 | D:2      | Killed Natasha
  2402 | D:3      | Found an iron altar of Okawaru.
  2458 | D:3      | Gained mutation: Your spells are a little harder to cast, but a little more powerful. [potion of mutation]
  2458 | D:3      | Gained mutation: You are partially covered in yellow scales. (AC +2) [potion of mutation]
  2458 | D:3      | Gained mutation: You are partially covered in slimy green scales. (AC +2) [potion of mutation]
  2458 | D:3      | Gained mutation: You are agile. (Dex +2) [potion of mutation]
  2465 | D:3      | Found a blossoming altar of Fedhas.
  2938 | D:3      | Found a stormy altar of Qazlal.
  2938 | D:3      | Found a radiant altar of Vehumet.
  3056 | D:3      | Became a worshipper of Vehumet
  3370 | D:3      | Reached XP level 6. HP: 32/32 MP: 11/11
  3409 | D:4      | Reached skill level 7 in Earth Magic
  3419 | D:4      | Learned a level 5 spell: Lee's Rapid Deconstruction
  3785 | D:4      | Reached skill level 8 in Earth Magic
  3785 | D:4      | Reached XP level 7. HP: 36/36 MP: 5/13
  3903 | D:4      | Learned a level 3 spell: Conjure Flame
  3963 | D:4      | Found a staircase to the Ecumenical Temple.
  4001 | D:5      | Entered Level 5 of the Dungeon
  4011 | D:5      | Found Pun Bops's Jewellery Shop.
  4064 | D:5      | Found a shadowy altar of Dithmenos.
  4096 | D:5      | Reached * piety under Vehumet
  4096 | D:5      | Offered knowledge of Shock by Vehumet.
  4206 | D:5      | Reached skill level 9 in Earth Magic
  4310 | D:5      | Reached skill level 1 in Conjurations
  4310 | D:5      | Reached skill level 1 in Fire Magic
  4310 | D:5      | Reached XP level 8. HP: 41/41 MP: 10/15
  5228 | D:6      | Reached skill level 5 in Spellcasting
  6355 | D:7      | Found a sand-covered staircase.
  6359 | Ossuary  | Entered an ossuary
  6415 | Ossuary  | Reached skill level 1 in Fighting
  6641 | D:7      | Reached XP level 9. HP: 47/47 MP: 11/17
  6725 | D:7      | Reached skill level 10 in Earth Magic
  6796 | D:7      | Offered knowledge of Magic Dart by Vehumet.
  6802 | D:7      | Reached ** piety under Vehumet
  7122 | D:7      | Learned a level 4 spell: Sticky Flame
  7355 | D:7      | Found Jodeupsa's Magic Scroll Shop.
  7679 | D:7      | Reached skill level 5 in Conjurations
  8268 | D:8      | Noticed a two-headed ogre
  8553 | D:7      | Learned a level 1 spell: Magic Dart
  9029 | D:8      | Noticed a hornet
  9037 | D:7      | Killed a hornet
  9425 | D:8      | Offered knowledge of Throw Frost by Vehumet.
  9425 | D:8      | Reached XP level 10. HP: 56/56 MP: 7/19
  9825 | D:9      | Noticed Grum
  9826 | D:9      | Reached *** piety under Vehumet
  9826 | D:9      | Reached skill level 11 in Earth Magic
  9838 | D:9      | Reached skill level 1 in Shields
  9868 | D:9      | Noticed nikopol's ghost (journeyman GrBe)
  9888 | D:10     | Entered Level 10 of the Dungeon
 10219 | D:10     | Noticed a death yak
 10229 | D:10     | Killed a death yak
 10310 | D:10     | Found a staircase to the Lair.
 10311 | D:10     | Noticed a death yak
 10312 | D:10     | Noticed a death yak
 10344 | D:10     | Killed a death yak
 10349 | D:10     | Killed a death yak
 10706 | D:10     | Reached skill level 5 in Fire Magic
 10970 | D:10     | Reached XP level 11. HP: 62/62 MP: 14/21
 11272 | D:9      | Offered knowledge of Fulminant Prism by Vehumet.
 11290 | D:9      | Reached skill level 5 in Fighting
 11290 | D:9      | Killed Grum
 11450 | D:9      | Killed nikopol's ghost
 11451 | D:9      | HP: 3/63 [killer bee (5)]
 11451 | D:9      | Slain by a killer bee

Vault maps used:
D:1:      minmay_arrival_cross, moated_statue, kennysheep_doodads
D:2:      serial_corexii_hall, corexii_hall_statues_t, corexii_hall_statues_x,
          nicolae_ru_great_annihilating_truth, uniq_natasha
D:3:      okawaru_metal_pillars_1_2, lemuel_round_altar,
          gammafunk_temple_overflow_elements
D:4:      temple_statues
D:5:      grunt_dithmenos_smoke_and_mirrors, serial_shops,
          nicolae_shop_statue_plus, first_bread
D:7:      serial_shops, shop, enter_ossuary_5
D:8:      serial_shops, kennysheep_little_box
D:9:      minmay_parallelograms, david_nohive_1, uniq_grum, uniq_psyche
D:10:     dpeg_lair_monsters
Ossuary:  ossuary_crypta

Skill      XL: |  1  2  3  4  5  6  7  8  9 10 11 |
---------------+----------------------------------+-----
Earth Magic    | 4 5 6 8 9 10 11 | 11.8
Spellcasting   | 3 4 5 6 7 |  7.1
Conjurations   | 1 4 6 8 |  8.9
Fire Magic     | 1 2 3 5 |  5.4
Fighting       | 1 3 4 5 |  5.1
Dodging        | 2 3 |  3.0
Shields        | 3 4 |  4.0
Stealth        | |  2.1
Transmutations | |  0.7

Action                   |  1- 3 |  4- 6 |  7- 9 | 10-12 || total
-------------------------+-------+-------+-------+-------++-------
Melee: Club              |    63 |       |       |       ||    63
       Unarmed           |     1 |       |       |       ||     1
       Dagger            |    39 |    12 |       |       ||    51
       Short sword       |       |    85 |    82 |   136 ||   303
 Cast: Sandblast         |    12 |    44 |    69 |       ||   125
       Stone Arrow       |     1 |     9 |    53 |    22 ||    85
       Conjure Flame     |       |       |    16 |    22 ||    38
       Lee's Rapid Decon |       |       |     4 |     7 ||    11
       Magic Dart        |       |       |    18 |    80 ||    98
       Sticky Flame      |       |       |    10 |    14 ||    24
       Passwall          |       |       |     5 |     3 ||     8
  Use: Potion            |     3 |     6 |     2 |       ||    11
       Scroll            |       |       |    14 |     2 ||    16
 Stab: Sleeping          |     1 |     1 |       |       ||     2
  Eat: Chunk             |     1 |     4 |    14 |     7 ||    26
       Meat ration       |       |     1 |     3 |       ||     4
       Bread ration      |       |       |     1 |     1 ||     2
       Royal jelly       |       |       |       |     1 ||     1
Armor: Robe              |    40 |    51 |    81 |   126 ||   298
Dodge: Dodged            |    71 |    76 |    92 |   188 ||   427
Block: Buckler           |       |       |       |    44 ||    44
